 Dungeon Crawl Stone Soup version 0.28-a0-1130-gc51a68064b (webtiles) character file.

Game seed: 13549499761070996384

9301 ders the Geomancer (level 11, -4/54 HPs)
             Began as a Gargoyle Earth Elementalist on Dec 12, 2021.
             Was an Elder of Vehumet.
             Slain by a bog body (28 damage)
             ... in an ice cave.
             The game lasted 00:14:04 (12727 turns).

ders the Geomancer (Gargoyle Earth Elementalist)   Turns: 12727, Time: 00:14:05

Health: -4/54      AC: 19    Str: 11    XL:     11   Next: 44%
Magic:  4/24       EV: 15    Int: 21    God:    Vehumet [****..]
Gold:   758        SH:  4    Dex: 10    Spells: 12/28 levels left

rFire   + . .      SeeInvis +   h - staff of fire
rCold   . . .      Faith    .   x - +0 buckler
rNeg    + . .      Spirit   .   D - +2 steam dragon scales
rPois   ∞          Reflect  .   (no helmet)
rElec   +          Harm     .   g - +0 cloak
rCorr   .          Rampage  .   e - +2 pair of gloves
Will    .....                   (no boots)
Stlth   ++........              (no amulet)
HPRegen 0.18/turn               m - ring of see invisible
MPRegen 0.19/turn               q - +4 ring of evasion

@: slowed, very slow
A: sickness immunity, AC +8, negative energy resistance 1, electricity
resistance, torment resistance 1, petrification resistance
a: Renounce Religion


You were in an ice cave.
You worshipped Vehumet.
Vehumet was greatly pleased with you.
You visited 1 branch of the dungeon, and saw 11 of its levels.
You also visited: Ice Cave.

You collected 758 gold pieces.

Inventory:

Hand Weapons
 n - a +1 dagger of venom
Missiles
 c - 101 stones
 B - 2 throwing nets
Armour
 b - a +0 robe
 e - a +2 pair of gloves (worn)
 g - a +0 cloak (worn)
 w - a +0 chain mail of cold resistance
 x - a +0 buckler (worn)
 D - +2 steam dragon scales (worn)
Magical Staves
 h - a staff of fire (weapon)
Jewellery
 m - a ring of see invisible (left hand)
 q - a +4 ring of evasion (right hand)
Wands
 r - a wand of flame (38)
 A - a wand of charming (12)
Scrolls
 a - 3 scrolls of fear
 d - 5 scrolls of teleportation
 f - a scroll of silence
 i - 5 scrolls of noise
 j - a scroll of identify
 v - 3 scrolls of amnesia
Potions
 k - a potion of curing
 l - a potion of attraction
 o - a potion of degeneration
 p - a potion of flight
 s - a potion of lignification {unknown}
 t - a potion of ambrosia
 u - 2 potions of might
 z - 2 potions of brilliance
 C - a potion of heal wounds


   Skills:
 - Level 1.5 Dodging
 - Level 2.1 Stealth
 - Level 4.0 Shields
 + Level 9.4 Spellcasting
 + Level 10.8 Conjurations
 - Level 0.7 Transmutations
 + Level 12.3 Earth Magic


You had 12 spell levels left.
You knew the following spells:

 Your Spells              Type           Power      Damage    Failure   Level
a - Sandblast             Erth           100%       2d20      1%          1
b - Stone Arrow           Conj/Erth      100%       3d13      1%          3
c - Flame Wave            Conj/Fire      49%        2d8       2%          4
d - Blink                 Tloc           18%        N/A       11%         2
e - Petrify               Tmut/Erth      37%        N/A       4%          4
f - Scorch                Fire           28%        2d6       3%          2

Your spell library contained the following spells:

 Spells                   Type           Power      Damage    Failure   Level
 Ignite Poison            Fire/Tmut/Pois 16%        N/A       5%          3
 Passwall                 Tmut/Erth      30%        N/A       1%          2
 Dazzling Flash           Conj/Hex       64%        N/A       1%          3
 Wereblood                Tmut           12%        N/A       8%          2
 Lesser Beckoning         Tloc           9%         N/A       21%         3
 Agony                    Necr           9%         N/A       88%         5
 Manifold Assault         Tloc           9%         N/A       88%         5
 Silence                  Hex/Air        4%         N/A       88%         5
 Summon Cactus Giant      Summ           4%         N/A       100%        6
 Summon Hydra             Summ           4%         N/A       100%        7
 Sublimation of Blood     Necr           Unusable   N/A       N/A         2

Dungeon Overview and Level Annotations

Branches:
Dungeon (11/15)            Temple (0/1) D:5            Lair (0/6) D:11
    Orc (0/2) D:10          IceCv (1/1)

Altars:
Gozag
Hepliaklqana
Kikubaaqudgha
Nemelex Xobeh
Qazlal
Ru
Trog
Vehumet

Shops:
D:3 [


Innate Abilities, Weirdness & Mutations

You are immune to sickness and miasma.
Your stone body is resilient. (AC +8)
You are immune to poison.
You resist negative energy. (rN+)
You are resistant to electric shocks. (rElec)
You are resistant to unholy torment.
You are immune to petrification.


Message History

Confirm with . or Enter, or press ? or * to list all spells.
Aiming: Stone Arrow (safe; 1% risk of failure)
Press: ? - help, Shift-Dir - straight line, f/p - entropy weaver simulacrum
Aim: an entropy weaver simulacrum (severely damaged, 84% to hit)
The stone arrow hits the entropy weaver simulacrum!
The entropy weaver simulacrum vaporises!
Vehumet accepts your kill.
Unknown command.
Casting: Stone Arrow (safe; 1% risk of failure)
Confirm with . or Enter, or press ? or * to list all spells.
Aiming: Stone Arrow (safe; 1% risk of failure)
Press: ? - help, Shift-Dir - straight line, f - bog body
Aim: a bog body (81% to hit)
The stone arrow hits the bog body!!
The bog body is heavily damaged.
Unknown command.
Casting: Stone Arrow (safe; 1% risk of failure)
Confirm with . or Enter, or press ? or * to list all spells.
Aiming: Stone Arrow (safe; 1% risk of failure)
Press: ? - help, Shift-Dir - straight line, f/p - bog body
Aim: a bog body (heavily damaged, 81% to hit)
The stone arrow hits the bog body!!
The bog body is almost destroyed.
The bog body touches you! The bog body freezes you!!
Unknown command.
Casting: Stone Arrow (safe; 1% risk of failure)
Confirm with . or Enter, or press ? or * to list all spells.
Aiming: Stone Arrow (safe; 1% risk of failure)
Press: ? - help, Shift-Dir - straight line, f/p - bog body
Aim: a bog body (almost destroyed, 81% to hit)
The stone arrow misses the bog body.
The bog body points at you and mumbles some strange words.
You feel as though you will be slow longer.
The cane toad simulacrum hits you. The cane toad simulacrum freezes you!
* * * LOW HITPOINT WARNING * * *
The bog body touches you but does no damage.
Unknown command.
You feel much better. The bog body touches you! The bog body freezes you!!
Ouch! That really hurt!
You die...

##### ######## ########
.#.≈######......## ##......##
#.##≈≈##..##.....####..###...##
.####≈≈≈######....#...###..⌠..#
..####≈≈≈≈≈≈≈###....### ##...##
#..##≈≈≈≈≈≈≈##..####### #..###
..##≈≈≈≈≈≈≈####.####..####..#
.###≈≈≈≈≈≈≈≈≈#.#.#..##.#..###
#..#≈≈≈≈≈≈≈≈###n@.#####.###
...##≈≈≈≈≈≈##ZZn### ###
##..##≈≈≈###.Z###
#.#########.Z## .## ##.. ..#
##.Z ### #.. #


#nZ Z.. You could see 2 bog bodies, an elephant simulacrum, a dire elephant
simulacrum, a cane toad simulacrum and a naga simulacrum.

Vanquished Creatures
  An ice statue (IceCv)
  Maggie (D:9)
  An unseen horror (D:10)
  A freezing wraith (IceCv)
  Psyche (D:8)
  2 ice devils (D:11)
  2 entropy weaver simulacra (IceCv)
  Grinder (D:4)
  Sigmund (D:3)
  A wraith (D:6)
  A shadow (D:9)
  A wyvern (D:7)
  8 yaks
  Eustachio (D:5)
  A vampire mosquito (D:11)
  A steam dragon (D:8)
  Menkaure (D:4)
  A death yak simulacrum (IceCv)
  A harpy simulacrum (IceCv)
  Duvessa (D:6)
  3 orc warriors
  8 centaurs
  A phantom (D:6)
  A kobold brigand (D:7)
  Blork the orc (D:4)
  A gnoll sergeant (D:8)
  A bullfrog (D:8)
  3 cane toad simulacra (IceCv)
  2 two-headed ogre simulacra (IceCv)
  3 scorpions
  A wyvern zombie (D:6)
  Dowan (D:6)
  7 killer bees
  2 elephant simulacra (IceCv)
  4 wights (D:8)
  3 howler monkeys
  An electric eel (D:10)
  4 centaur zombies
  A jelly (D:8)
  Crazy Yiuf (D:6)
  A gnoll shaman (D:4)
  3 orc priests
  A centaur skeleton (D:7)
  A hound (D:5)
  An iguana (D:6)
  11 orc wizards
  6 troll simulacra (IceCv)
  2 spriggan simulacra (IceCv)
  A killer bee zombie (D:4)
  3 wolf simulacra (IceCv)
  3 hound skeletons
  A howler monkey zombie (D:10)
  8 gnolls
  10 naga simulacra (IceCv)
  8 adders
  2 shadow imps (D:6)
  4 white imps (IceCv)
  9 ufetubi
  An adder skeleton (D:4)
  2 worms
  5 dart slugs
  22 orcs
  6 endoplasms
  A giant cockroach (D:4)
  3 goblins (D:1)
  6 hobgoblins
  16 jackals
  3 quokkas
  5 ball pythons
  5 bats
  5 frilled lizards
  11 kobolds
  3 rats
247 creatures vanquished.

Vanquished Creatures (others)
  A centaur (D:11)
  28 fungi (D:11)
  35 plants (D:11)
64 creatures vanquished.

Grand Total: 311 creatures vanquished

Notes
Turn   | Place    | Note
-------+----------+-------------------------------------------
     0 | D:1      | ders the Gargoyle Earth Elementalist began the quest for
                  | the Orb.
     0 | D:1      | Reached XP level 1. HP: 10/10 MP: 3/3
   290 | D:1      | Reached XP level 2. HP: 14/15 MP: 1/5
   338 | D:1      | Reached skill level 1 in Conjurations
   397 | D:1      | Reached skill level 4 in Earth Magic
   417 | D:1      | Reached XP level 3. HP: 13/19 MP: 1/6
  1618 | D:2      | Reached XP level 4. HP: 24/24 MP: 3/8
  2101 | D:3      | Found Midir's Antique Armour Shoppe.
  2804 | D:3      | Reached XP level 5. HP: 27/28 MP: 5/9
  2813 | D:3      | Reached skill level 5 in Earth Magic
  2959 | D:3      | Noticed Sigmund
  2964 | D:3      | Killed Sigmund
  2965 | D:3      | Reached XP level 6. HP: 25/32 MP: 4/11
  3036 | D:3      | Learned a level 3 spell: Stone Arrow
  3537 | D:4      | Noticed Menkaure
  3545 | D:4      | Killed Menkaure
  3546 | D:4      | Reached skill level 6 in Earth Magic
  3546 | D:4      | Reached XP level 7. HP: 30/36 MP: 1/13
  3687 | D:4      | Found a radiant altar of Vehumet.
  3880 | D:4      | Became a worshipper of Vehumet
  3902 | D:4      | Noticed Grinder
  3907 | D:4      | Killed Grinder
  3908 | D:4      | Reached skill level 5 in Conjurations
  3908 | D:4      | Reached skill level 7 in Earth Magic
  4070 | D:4      | Reached skill level 5 in Spellcasting
  4070 | D:4      | Reached XP level 8. HP: 41/41 MP: 13/15
  4102 | D:4      | Noticed Blork the orc
  4112 | D:4      | Killed Blork the orc
  4594 | D:4      | Found a stormy altar of Qazlal.
  4634 | D:5      | Entered Level 5 of the Dungeon
  4735 | D:5      | Noticed Eustachio
  4739 | D:5      | Killed Eustachio
  4972 | D:5      | Found a staircase to the Ecumenical Temple.
  5651 | D:6      | Reached skill level 8 in Earth Magic
  5992 | D:6      | Found a runed translucent door.
  5993 | D:6      | Noticed Crazy Yiuf
  6054 | D:6      | Killed Crazy Yiuf
  6059 | D:6      | Identified the +4 mace of Jemior {antimagic, rPois Str+7
                  | Int+3 Stlth-}
  6427 | D:6      | Noticed Duvessa
  6430 | D:6      | Reached * piety under Vehumet
  6430 | D:6      | Offered knowledge of Shock by Vehumet.
  6432 | D:6      | Noticed Dowan
  6433 | D:6      | Killed Duvessa
  6434 | D:6      | Reached XP level 9. HP: 36/45 MP: 5/18
  6435 | D:6      | Killed Dowan
  6932 | D:6      | Reached skill level 9 in Earth Magic
  7416 | D:7      | Found a bloodstained altar of Trog.
  7416 | D:7      | Found a sparkling altar of Nemelex Xobeh.
  7562 | D:7      | Found an ancient bone altar of Kikubaaqudgha.
  8130 | D:8      | Noticed Psyche
  8136 | D:8      | Killed Psyche
  8555 | D:8      | Reached skill level 10 in Earth Magic
  8743 | D:8      | Reached ** piety under Vehumet
  8743 | D:8      | Offered knowledge of Freeze by Vehumet.
  8839 | D:8      | Reached XP level 10. HP: 50/50 MP: 15/21
  8944 | D:8      | Found a sacrificial altar of Ru.
  9399 | D:9      | Noticed Maggie
  9404 | D:9      | Killed Maggie
  9708 | D:9      | Reached skill level 11 in Earth Magic
  9980 | D:9      | Learned a level 4 spell: Flame Wave
 10323 | D:10     | Entered Level 10 of the Dungeon
 10474 | D:10     | Reached skill level 1 in Shields
 10581 | D:10     | Found a hazy altar of Hepliaklqana.
 10584 | D:10     | Found an opulent altar of Gozag.
 10789 | D:10     | Found a staircase to the Orcish Mines.
 11001 | D:10     | Noticed an unseen horror
 11003 | D:10     | Killed an unseen horror
 11111 | D:10     | Reached skill level 10 in Conjurations
 11446 | D:11     | Noticed a two-headed ogre
 11446 | D:11     | Noticed a two-headed ogre
 11515 | D:11     | Reached XP level 11. HP: 44/54 MP: 12/23
 11710 | D:11     | Found a frozen archway.
 11713 | D:11     | Offered knowledge of Conjure Flame by Vehumet.
 11815 | IceCv    | Entered an ice cave
 11873 | IceCv    | Learned a level 2 spell: Blink
 11878 | IceCv    | Learned a level 4 spell: Petrify
 11903 | IceCv    | Reached *** piety under Vehumet
 12024 | IceCv    | Reached skill level 12 in Earth Magic
 12267 | IceCv    | Offered knowledge of Ignite Poison by Vehumet.
 12274 | IceCv    | Learned a level 2 spell: Scorch
 12714 | IceCv    | Noticed a bog body
 12715 | IceCv    | Reached **** piety under Vehumet
 12716 | IceCv    | Noticed a bog body
 12727 | IceCv    | Slain by a bog body

Illustrated notes

Levels and vault maps discovered:
D:1:      mrwooster_arrival_statue_3, layout_loops_ring
D:2:      layout_loops_ring, wander_ebering_terrifying_dragon_lair
D:3:      layout_loops_cross, serial_shops, shop_statue, uniq_sigmund
D:4:      layout_cave_pools, mainiacjoe_overflow_small_starburst,
          nicolae_qazlal_eye_of_the_storm, uniq_grinder, uniq_menkaure,
          uniq_blork_the_orc
D:5:      layout_rooms, minmay_temple_entry_butterflies, serial_curves,
          eino_curves_02, eino_curves_01, hex_intersection, uniq_eustachio
D:6:      layout_basic, palyth_stone_intersect, uniq_crazy_yiuf_cottage,
          uniq_duvessa
D:7:      layout_basic, nicolae_kikubaaqudgha_miasma_corner,
          jmf_multi_god_temple
D:8:      layout_gridville, nicolae_ru_the_path_less_chosen,
          grunt_decor_mini_mirrors, kennysheep_generic_room_11, uniq_psyche
D:9:      layout_long_grid, uniq_maggie
D:10:     layout_roguey, nicolae_overflow_squiral, orc_0_dummy
D:11:     layout_basic, due_lair_maze_entry_diamond,
          portal_ice_cave_demonic_guard, nicolae_tso_carved_into_rock
IceCv:    ice_cave_caverns_02

Skill      XL: |  1  2  3  4  5  6  7  8  9 10 11 |
---------------+----------------------------------+-----
Conjurations   | 1 2 3 4 5 6 8 10 | 10.8
Earth Magic    | 4 5 6 7 8 10 11 12 | 12.3
Spellcasting   | 3 4 5 6 7 8 9 |  9.4
Shields        | 3 4 |  4.0
Dodging        | |  1.5
Stealth        | |  2.1
Transmutations | |  0.7

Action                   |  1- 3 |  4- 6 |  7- 9 | 10-12 || total
-------------------------+-------+-------+-------+-------++-------
Melee: Staff             |     2 |     8 |       |       ||    10
       Unarmed           |     1 |       |       |       ||     1
       Dagger            |       |    11 |    24 |     3 ||    38
 Cast: Sandblast         |    42 |    60 |    90 |    71 ||   263
       Stone Arrow       |       |     5 |    72 |    95 ||   172
       Scorch            |       |       |       |     5 ||     5
       Flame Wave        |       |       |       |     1 ||     1
  Use: Potion            |       |       |     3 |     2 ||     5
       Scroll            |       |       |       |    16 ||    16
Armor: Robe              |     4 |    23 |    29 |     3 ||    59
       Steam dragon scal |       |       |       |    20 ||    20
Dodge: Dodged            |    12 |    38 |   105 |    62 ||   217
Block: Buckler           |       |       |       |     9 ||     9

Table legend: (Time is in decaauts)
 A = Elapsed time spent in this place.
 B = Non-inter-level travel time spent in this place.
 C = Inter-level travel time spent in this place.
 D = Time resting spent in this place.
 E = Time spent auto-exploring this place.
 F = Levels seen in this place.
 G = Mean time per level.
                   A        B        C        D        E       F      G
               +--------+--------+--------+--------+--------+-----+--------+
         Total |  12761 |  12303 |    458 |   2297 |   8596 |  12 | 1063.4 |
       Dungeon |  11838 |  11380 |    458 |   2062 |   8138 |  11 | 1076.2 |
      Ice Cave |    922 |    922 |      0 |    235 |    458 |   1 |  922.0 |
               +--------+--------+--------+--------+--------+-----+--------+

Top non-repeatable levels by time:
     D:6: 1844 daAuts
     D:8: 1286 daAuts
    D:10: 1263 daAuts
     D:1: 1217 daAuts
     D:2: 1212 daAuts
     D:3: 1202 daAuts
     D:4: 1006 daAuts
     D:9: 959 daAuts
     D:7: 926 daAuts
   IceCv: 922 daAuts
     D:5: 690 daAuts
    D:11: 229 daAuts
